Map: Waterfall

Players

NightMare - Winner!

  • Race: Protoss Protoss
  • Spawn Location: 7:00

Solar

  • Race: Zerg Zerg
  • League: Master
  • Spawn Location: 1:00

Event: HomeStory Cup XXII

VOD

Have the link to the VOD?

Description

Time

  • Played on: Dec. 15, 2022, 2:59 p.m.
  • Length: 21:26

All games in this series

Show
View Real Time Build Order
Export as new Build Order

NightMare Protoss - Winner!

Build Orders: 1 Gate Expand 

Get SALT Encoding   

  12  0:00  Probe  
  13  0:12  Probe  
  14  0:18  Pylon  
  14  0:24  Probe (Chrono Boost)  
  15  0:36  Probe (Chrono Boost)  
  15  0:38  Gateway  
  16  0:45  Probe (Chrono Boost)  
  16  0:47  Assimilator  
  17  0:50  Probe  
  18  1:03  Probe  
  19  1:15  Probe  
  20  1:24  Nexus  
  20  1:33  Cybernetics Core  
  20  1:37  Probe  
  21  1:42  Assimilator  
  21  1:49  Probe  
  21  1:51  Pylon  
  22  2:01  Probe (Chrono Boost)  
  22  2:02  Adept  
  23  2:12  Warp Gate  
  23  2:13  Probe (Chrono Boost)  
  26  2:22  Probe (Chrono Boost)  
  27  2:23  Twilight Council  
  27  2:28  Probe  
  28  2:31  Stalker  
  30  2:39  Probe  
  30  2:40  Probe  
  32  2:51  Probe  
  33  2:52  Probe  
  33  2:53  Robotics Facility, Resonating Glaives (Chrono Boost)  
  34  3:03  Probe  
  34  3:04  Probe  
  36  3:13  Adept  
  36  3:19  Gateway  
  38  3:21  Gateway  
  38  3:28  Gateway  
  38  3:29  Probe x2  
  38  3:32  Pylon  
  40  3:38  Warp Prism (Chrono Boost)  
  42  3:45  Pylon  
  42  3:46  Probe  
  42  3:48  Probe  
  44  3:58  Probe  
  44  4:00  Adept, Probe  
  48  4:07  Observer  
  49  4:10  Probe  
  49  4:12  Probe  
  49  4:15  Adept  
  53  4:19  Nexus  
  53  4:22  Probe  
  55  4:24  Probe  
  54  4:34  Dark Shrine, Stalker  
  54  4:36  Probe, Assimilator  
  54  4:38  Assimilator  
  57  4:47  Adept x2, Pylon  
  57  4:50  Probe  
  62  4:57  Pylon  
  62  5:08  Shield Battery, Adept  
  62  5:09  Adept x2  
  62  5:10  Probe x2  
  70  5:18  Gateway  
  70  5:21  Gateway  
  70  5:24  Probe  
  70  5:25  Probe  
  70  5:26  Blink (Chrono Boost)  
  72  5:32  Gateway  
  72  5:35  Observer  
  72  5:37  Probe x2  
  72  5:40  Probe  
  75  5:46  Dark Templar x2  
  79  5:53  Dark Templar  
  79  5:54  Probe x2  
  83  5:58  Observer  
  83  6:00  Robotics Bay  
  83  6:01  Pylon  
  83  6:04  Probe  
  83  6:06  Probe  
  83  6:09  Probe  
  83  6:10  Gateway  
  86  6:16  Probe, Pylon  
  87  6:21  Stalker x2  
  87  6:22  Sentry  
  93  6:28  Probe x2  
  93  6:29  Probe  
  93  6:30  Pylon  
  96  6:40  Probe x2  
  96  6:41  Disruptor  
  96  6:45  Stalker x4  
  104  6:47  Pylon  
  104  6:49  Pylon  
  107  7:01  Probe x3, Assimilator  
  107  7:02  Pylon x2  
  107  7:04  Stalker  
  112  7:10  Forge  
  108  7:18  Stalker x3  
  114  7:24  Stalker x2  
  114  7:27  Pylon  
  114  7:29  Protoss Ground Weapons Level 1 (Chrono Boost)  
  118  7:34  Stalker x2  
  122  7:45  Stalker x3  
  122  7:50  Stalker  
  125  8:06  Stalker x3  
  125  8:09  Adept x3  
  121  8:15  Probe  
  121  8:16  Probe x2  
  121  8:17  Adept  
  112  8:28  Probe x2  
  112  8:29  Disruptor (Chrono Boost)  
  112  8:33  Stalker x3  
  108  8:35  Stalker x2  
  108  8:36  Zealot  
  117  8:46  Probe x3  
  120  8:50  Nexus  
  120  8:53  Disruptor (Chrono Boost), Charge (Chrono Boost), Shield Battery  
  123  9:04  Zealot  
  125  9:11  Photon Cannon  
  125  9:12  Assimilator  
  125  9:14  Dark Templar  
  125  9:16  Dark Templar  
  129  9:19  Archon x2  
  129  9:30  Disruptor (Chrono Boost)  
  129  9:32  Zealot x5  
  142  9:47  Stalker  
  142  9:52  Stalker  
  142  9:53  Stalker x4  
  142  9:58  Dark Templar  
  154  10:02  Disruptor (Chrono Boost)  
  135  10:17  Stalker x5  
  141  10:27  Disruptor  
  139  10:32  Zealot x2  
  144  10:39  Probe x3  
  143  10:45  Stalker x5  
  143  10:49  Photon Cannon  
  153  10:50  Photon Cannon  
  153  10:51  Shield Battery  
  153  11:00  Probe x3  
  156  11:07  Zealot x3  
  156  11:08  Zealot x3  
  160  11:24  Stalker  
  136  11:39  Protoss Ground Weapons Level 2 (Chrono Boost)  
  122  11:49  Zealot x7  
  122  11:51  Disruptor (Chrono Boost)  
  112  12:09  Stalker x7  
  112  12:11  Probe x3  
  115  12:16  Disruptor (Chrono Boost)  
  115  12:20  Probe  
  115  12:21  Shield Battery, Photon Cannon  
  103  12:38  Dark Templar  
  103  12:40  Zealot x2  
  103  12:41  Disruptor (Chrono Boost), Zealot x4  
  117  12:45  Gateway  
  117  12:49  Probe x3  
  120  12:54  Assimilator  
  120  12:58  Assimilator  
  120  13:01  Templar Archives  
  120  13:04  Probe x2  
  122  13:20  Stalker x5  
  122  13:21  Stalker x2  
  133  13:45  Stalker x8  
  133  13:46  Stalker x2  
  133  13:47  Stalker x6  
  100  14:05  Probe x2  
  101  14:10  Disruptor (Chrono Boost), Probe  
  101  14:15  High Templar x4  
  101  14:17  High Templar x4  
  114  14:18  Nexus  
  114  14:19  Pylon  
  114  14:20  Probe x3  
  114  14:21  Pylon  
  123  14:24  Shield Battery  
  123  14:25  Archon x3  
  123  14:26  Archon  
  123  14:36  Disruptor (Chrono Boost)  
  126  14:40  Probe x4  
  130  14:48  Zealot x4  
  130  14:52  High Templar x3  
  144  14:54  High Templar  
  144  14:57  Pylon x2  
  146  15:00  Photon Cannon  
  146  15:01  Photon Cannon  
  146  15:03  Photon Cannon  
  145  15:07  Archon  
  145  15:12  Archon  
  132  15:24  Zealot x4  
  132  15:25  Probe  
  132  15:26  Probe x2  
  133  15:38  High Templar x2  
  133  15:39  High Templar x2  
  141  15:46  Archon x2  
  141  15:47  Nexus  
  141  15:49  Photon Cannon, Pylon  
  141  15:50  Probe x3  
  141  15:51  Probe  
  141  15:52  Photon Cannon  
  141  15:53  Photon Cannon  
  143  16:02  Probe, High Templar x4  
  152  16:06  Archon  
  136  16:14  Zealot x4  
  142  16:25  Shield Battery x2  
  140  16:26  Shield Battery  
  140  16:27  Assimilator  
  140  16:29  Probe x3  
  143  16:34  Observer (Chrono Boost)  
  144  16:41  High Templar x3  
  144  16:42  Zealot, High Templar  
  154  16:47  Archon  
  156  17:00  Assimilator  
  154  17:10  High Templar  
  154  17:11  High Templar  
  154  17:12  Zealot x2, Archon  
  160  17:17  Archon, High Templar x2  
  160  17:18  Zealot x2  
  160  17:22  Gateway  
  168  17:23  Archon, Gateway  
  168  17:31  Shield Battery  
  166  17:40  Probe x3 (Chrono Boost)  
  166  17:41  Probe x2 (Chrono Boost)  
  147  17:52  Probe x3 (Chrono Boost)  
  147  17:53  Zealot x5, Probe x2 (Chrono Boost)  
  147  17:54  Zealot x2  
  147  17:58  Zealot, Probe x4 (Chrono Boost)  
  163  17:59  Probe (Chrono Boost)  
  168  18:06  Probe x2  
  170  18:17  High Templar x3  
  170  18:18  High Templar x4  
  170  18:19  Zealot x2  
  180  18:22  Archon x2  
  180  18:23  Archon  
  180  18:24  High Templar  
  180  18:29  Archon  
  180  18:34  Nexus  
  180  18:35  Disruptor (Chrono Boost)  
  180  18:36  Pylon  
  183  18:44  Unknown  
  145  18:58  Zealot x7  
  147  19:07  Zealot x2  
  147  19:09  Disruptor (Chrono Boost)  
  140  19:15  Zealot  
  126  19:19  Dark Templar x3  
  132  19:32  Disruptor (Chrono Boost)  
  135  19:38  High Templar x2  
  135  19:39  Zealot x3, High Templar x2  
  135  19:41  Archon  
  131  19:46  Archon x2  
  129  19:58  Dark Templar  
  129  19:59  High Templar x2  
  129  20:01  Warp Prism (Chrono Boost)  
  129  20:03  Archon  
  131  20:07  Zealot x3  
  137  20:15  Stalker x4  
  137  20:18  Shield Battery  
  145  20:21  Nexus  
  145  20:22  Pylon  
  145  20:29  Disruptor  
  146  20:43  Stalker x4  
  150  20:52  Dark Templar  
  150  20:53  Zealot x5  
  160  21:02  Shield Battery, Nexus  
  160  21:03  Shield Battery  
  160  21:04  Pylon  
  160  21:05  Pylon  
  160  21:08  Zealot x4  
Show
View Real Time Build Order
Export as new Build Order

Solar Zerg 

Build Orders: Hatch First 

Get SALT Encoding   

  12  0:00  Drone  
  13  0:12  Overlord  
  13  0:16  Drone  
  14  0:30  Drone x2  
  16  0:47  Hatchery  
  15  0:52  Drone  
  15  0:55  Drone  
  17  0:58  Drone  
  18  1:08  Extractor  
  17  1:13  Spawning Pool  
  17  1:18  Drone  
  17  1:21  Drone  
  18  1:28  Drone  
  19  1:38  Drone  
  20  1:53  Overlord  
  20  2:00  Zergling x2, Queen x2  
  25  2:01  Zergling x2  
  26  2:11  Drone x2  
  26  2:14  Metabolic Boost  
  28  2:21  Drone x2  
  30  2:43  Queen, Hatchery  
  31  2:46  Overlord  
  31  2:49  Drone  
  32  2:53  Drone  
  32  2:54  Drone  
  34  2:58  Drone x2  
  34  3:05  Queen  
  38  3:10  Drone x2  
  38  3:12  Drone  
  41  3:15  Drone x2  
  43  3:20  Overlord  
  43  3:23  Drone  
  44  3:32  Overlord  
  44  3:37  Queen  
  46  3:41  Drone x2  
  46  3:43  Drone x2  
  46  3:48  Roach Warren  
  49  3:52  Drone x3  
  49  3:53  Zergling x4  
  49  3:55  Zergling x4  
  56  3:57  Drone  
  56  3:59  Zergling x2  
  58  4:06  Overlord  
  58  4:07  Zergling x2  
  59  4:10  Overlord  
  59  4:17  Zergling x8  
  62  4:21  Overlord  
  62  4:22  Zergling x2  
  62  4:23  Overlord  
  63  4:26  Overlord  
  63  4:30  Drone  
  63  4:31  Overlord  
  64  4:32  Extractor  
  64  4:36  Lair  
  64  4:37  Drone x2  
  65  4:42  Overlord  
  65  4:45  Drone  
  66  4:46  Roach x2  
  66  4:47  Roach  
  72  4:53  Drone x2  
  72  4:56  Extractor  
  72  4:57  Drone  
  74  5:00  Drone x2  
  74  5:01  Drone  
  74  5:04  Drone x2  
  74  5:05  Zergling x4, Roach  
  83  5:09  Drone x2  
  83  5:11  Drone  
  83  5:13  Drone  
  86  5:16  Roach x2  
  86  5:19  Overlord  
  90  5:25  Drone  
  90  5:26  Drone  
  89  5:29  Drone  
  89  5:32  Drone  
  89  5:33  Drone  
  89  5:34  Overseer  
  89  5:35  Extractor  
  91  5:36  Glial Reconstitution, Overseer, Extractor  
  91  5:38  Drone x3  
  91  5:39  Drone  
  91  5:40  Drone x2, Evolution Chamber  
  95  5:50  Overlord x2  
  95  5:52  Roach x4  
  103  6:03  Overlord  
  103  6:09  Overlord  
  103  6:10  Zerg Melee Weapons Level 1  
  103  6:11  Hatchery  
  103  6:15  Zergling x6  
  103  6:17  Baneling Nest, Drone  
  104  6:21  Roach x2  
  104  6:22  Zergling x8  
  114  6:31  Overlord  
  107  6:41  Zergling x12  
  107  6:42  Zergling x12  
  107  6:44  Drone  
  118  6:47  Spore Crawler  
  118  6:53  Drone x2  
  118  6:54  Drone  
  120  7:01  Spore Crawler, Centrifugal Hooks  
  120  7:04  Drone x3  
  122  7:11  Roach x2  
  122  7:13  Overlord  
  122  7:14  Drone  
  122  7:15  Drone  
  128  7:17  Overlord  
  128  7:19  Overlord  
  128  7:20  Roach x4  
  128  7:22  Zergling x2  
  137  7:24  Overlord  
  137  7:28  Overlord  
  137  7:29  Zergling x4  
  139  7:34  Ravager  
  139  7:35  Ravager x2  
  142  7:38  Zergling x8  
  142  7:40  Baneling x15  
  146  7:46  Zergling x14  
  146  7:48  Zergling x6  
  146  7:49  Baneling x2  
  146  7:50  Roach  
  146  7:51  Roach  
  160  7:52  Overlord  
  160  7:55  Zergling x2  
  155  8:00  Zergling x4  
  155  8:04  Zergling x2  
  146  8:05  Overlord  
  146  8:09  Zergling x6  
  144  8:13  Zergling x4  
  144  8:15  Zergling x2  
  135  8:21  Overseer  
  135  8:22  Roach x3  
  135  8:24  Overlord  
  135  8:26  Ravager  
  135  8:27  Baneling x2  
  138  8:32  Zergling x2  
  134  8:35  Zerg Melee Weapons Level 2  
  134  8:36  Zergling x4  
  135  8:43  Hatchery  
  135  8:44  Zergling x4  
  135  8:46  Ravager x2  
  138  8:49  Zergling x2  
  138  8:53  Zergling x12  
  138  8:55  Drone, Extractor  
  145  8:56  Zergling x4  
  145  8:59  Baneling x10  
  145  9:00  Zergling x6  
  151  9:10  Drone x2  
  151  9:11  Drone  
  153  9:19  Drone x4  
  153  9:20  Drone  
  153  9:21  Zergling x4  
  153  9:23  Hatchery  
  159  9:27  Zergling x10  
  163  9:32  Zergling x2  
  163  9:33  Baneling  
  163  9:34  Baneling x14  
  163  9:36  Zergling x4  
  166  9:44  Zergling x4  
  165  9:48  Zergling x2  
  165  9:49  Zergling x12  
  165  9:52  Zergling x6  
  169  9:56  Zergling x2  
  169  9:57  Zergling x2  
  170  10:01  Zergling x4  
  152  10:15  Roach x3  
  152  10:16  Zergling x14  
  152  10:20  Pneumatized Carapace  
  144  10:21  Zergling x2  
  144  10:22  Zergling x10, Overseer  
  144  10:26  Zergling x2  
  138  10:29  Roach  
  138  10:32  Roach x5  
  139  10:36  Roach x2  
  139  10:38  Baneling x9  
  139  10:39  Baneling x3  
  139  10:42  Zergling x4, Ravager  
  147  10:43  Ravager x2  
  147  10:45  Zergling x8  
  147  10:46  Zergling x2  
  147  10:47  Zergling x2  
  153  10:50  Zergling x4  
  153  10:51  Zerg Missile Weapons Level 1  
  153  10:54  Baneling  
  153  10:55  Baneling x11  
  155  11:01  Zergling x10  
  155  11:03  Zergling x6  
  155  11:04  Zergling x2  
  160  11:09  Zergling x8  
  163  11:15  Zergling x12  
  156  11:21  Roach x3  
  136  11:26  Roach  
  136  11:29  Baneling x6, Ravager  
  128  11:33  Roach x2  
  128  11:34  Zergling x2, Roach x3  
  128  11:39  Zergling x6  
  140  11:47  Zergling x4  
  137  11:49  Zergling x10  
  127  11:54  Zergling x4  
  127  11:57  Zergling x8  
  123  12:06  Zergling x2  
  123  12:07  Zergling x4  
  115  12:09  Zergling x4  
  115  12:12  Roach x3  
  115  12:13  Roach  
  113  12:16  Roach x2  
  113  12:17  Roach  
  113  12:19  Zergling x8  
  113  12:21  Zergling x2  
  123  12:26  Zergling x4  
  123  12:27  Overseer  
  123  12:29  Zergling x2  
  114  12:33  Roach  
  109  12:37  Zergling x4  
  109  12:41  Zergling x8  
  109  12:42  Baneling x9  
  109  12:43  Ravager x2  
  117  12:47  Zergling x6  
  120  12:52  Zergling x10  
  120  12:55  Baneling  
  120  12:56  Zergling x2, Baneling x5  
  125  12:59  Zergling x4  
  125  13:04  Baneling x6  
  126  13:07  Zergling x10  
  126  13:10  Zergling x4  
  133  13:14  Baneling x4  
  133  13:17  Zergling x6  
  133  13:19  Zergling x2  
  134  13:21  Zergling x4, Baneling  
  134  13:25  Zergling x2  
  136  13:28  Zergling x6  
  119  13:42  Zergling x2  
  119  13:45  Zergling x6  
  119  13:48  Roach x3  
  111  13:49  Zergling x8  
  108  13:59  Roach x3  
  108  14:02  Zergling x2  
  108  14:05  Zergling x6  
  92  14:10  Roach x3  
  92  14:11  Zergling x2  
  97  14:20  Ravager x6  
  97  14:24  Baneling x4, Hatchery  
  103  14:25  Baneling x4  
  103  14:26  Baneling x7  
  103  14:28  Drone  
  103  14:31  Drone x2  
  104  14:33  Drone  
  104  14:37  Baneling x6  
  106  14:38  Drone  
  106  14:40  Drone  
  106  14:42  Drone  
  106  14:44  Zergling x2  
  110  14:47  Zergling x4  
  110  14:48  Zergling x2  
  110  14:50  Zergling x4  
  115  14:55  Zergling x6  
  115  14:58  Zergling x4  
  120  15:00  Zergling x4  
  120  15:02  Zergling x2  
  120  15:04  Zergling x2  
  124  15:07  Zergling x2  
  124  15:08  Zergling x4  
  124  15:11  Zergling x4  
  124  15:13  Zergling x4  
  121  15:24  Roach x5  
  121  15:27  Roach  
  128  15:28  Roach  
  128  15:32  Roach  
  128  15:33  Zergling x4  
  128  15:35  Zergling x4  
  128  15:40  Zergling x8  
  128  15:41  Zergling x2  
  133  15:46  Ravager  
  133  15:48  Zergling x4  
  133  15:49  Zergling x4  
  138  15:53  Roach x3  
  138  15:55  Zergling x6  
  137  15:59  Zergling x2  
  137  16:02  Zergling x6  
  139  16:05  Zergling x4  
  139  16:08  Zergling x4  
  140  16:13  Baneling x4  
  140  16:17  Roach  
  140  16:18  Roach x2  
  145  16:24  Hatchery  
  141  16:26  Baneling x8  
  141  16:30  Zergling x6  
  141  16:31  Baneling  
  141  16:32  Baneling, Ravager  
  143  16:33  Ravager  
  143  16:35  Zergling x4  
  143  16:37  Baneling x2  
  146  16:40  Zergling x4  
  146  16:45  Zergling x8  
  152  16:49  Zergling x4  
  152  16:51  Zergling x4  
  153  16:54  Zergling x2  
  153  16:55  Zergling x4  
  153  16:57  Baneling x3  
  153  16:58  Baneling  
  153  17:00  Baneling  
  153  17:01  Baneling x2, Ravager  
  156  17:02  Ravager x2  
  156  17:03  Ravager  
  156  17:04  Ravager  
  156  17:06  Zergling x2  
  161  17:10  Zergling x2  
  161  17:11  Zergling x6  
  161  17:14  Zergling x4  
  165  17:20  Baneling x9  
  166  17:26  Zergling x6  
  166  17:27  Hatchery  
  167  17:30  Zergling x2  
  167  17:31  Zergling x2  
  166  17:40  Zergling x10  
  166  17:42  Roach  
  166  17:43  Zergling x4  
  164  17:46  Zergling x4  
  164  17:51  Baneling x9  
  165  17:53  Zergling x2  
  165  17:56  Zergling x2  
  165  17:57  Zergling x2  
  163  18:08  Zergling x12  
  163  18:10  Zergling x4  
  169  18:13  Zergling x4  
  169  18:19  Zergling x2  
  173  18:20  Zergling x6  
  173  18:23  Hatchery  
  170  18:27  Roach  
  170  18:31  Roach x2  
  170  18:33  Baneling x6  
  176  18:41  Zergling x6  
  179  18:44  Zergling x6  
  173  18:52  Roach x2  
  136  19:03  Roach x4  
  136  19:08  Roach  
  141  19:11  Zergling x4  
  141  19:14  Zergling x2  
  141  19:16  Zergling x4  
  136  19:20  Ravager  
  136  19:24  Baneling x6  
  137  19:27  Zergling x2  
  137  19:28  Zergling x4  
  138  19:34  Roach  
  138  19:35  Zergling x2  
  137  19:43  Overseer  
  133  19:46  Zergling x10  
  133  19:49  Zergling x2  
  133  19:50  Zergling x2  
  133  19:54  Ravager  
  133  19:56  Ravager  
  133  19:58  Zergling x4  
  131  20:07  Baneling x12  
  131  20:08  Zergling x2  
  131  20:11  Zergling x2  
  131  20:12  Zergling x2  
  134  20:14  Baneling x3  
  134  20:15  Baneling x2  
  134  20:16  Baneling  
  134  20:19  Ravager  
  134  20:20  Zergling x2  
  135  20:29  Zergling x12  
  136  20:44  Zergling x12  
  141  20:50  Zergling x10  
  145  21:03  Zergling x2  
  146  21:04  Baneling  
  146  21:06  Hatchery  
Tags
 
Add a new tag
Caveats
  • Supply blocks, unpowered buildings, or Contaminate may cause inaccurate times.
  • Supply counts are checked every 10 seconds.